 Dungeon Crawl Stone Soup version 0.32-a0-576-g706899e69d (webtiles) character file.

Game seed: 12301312715654356444

6 cforsyth the Grave Robber (level 1, 0/16 HPs)
             Began as a Mountain Dwarf Necromancer on Mar 2, 2024.
             Slain by a kobold
             ... wielding a +0 dagger
              (2 damage)
             ... on level 1 of the Dungeon.
             The game lasted 00:00:33 (170 turns).

cforsyth the Grave Robber (MDNe)                     Turns: 170, Time: 00:00:34

Health: 0/16       AC:  2    Str: 10    XL:     1   Next: 75%
Magic:  1/3        EV: 11    Int: 21    God:
Gold:   18         SH:  0    Dex: 10    Spells: 2/3 levels left

rFire   . . .        (no weapon)
rCold   . . .        (no shield)
rNeg    . . .        a - +0 robe
rPois   .            (no helmet)
rElec   .            (no cloak)
rCorr   .            (no gloves)
SInv    .            (no boots)
Will    .....        (no amulet)
Stlth   ++           I - +6 ring of intelligence
HPRegen 0.22/turn    (no ring)
MPRegen 0.08/turn

%: no passive effects
@: no status effects
A: runic magic, artefact enchanting
a: no special abilities


You were on level 1 of the Dungeon.
You visited 1 branch of the dungeon, and saw 1 of its levels.

You collected 18 gold pieces.


Innate Abilities, Weirdness & Mutations

Your spellcasting is much less encumbered by armour.
You can use scrolls of enchantment on lesser artefacts.


   Skills:
 + Level 1.0 Fighting
 - Level 1.3 Dodging
 - Level 1.4 Stealth
 - Level 1.7 Spellcasting
 + Level 4.6 Necromancy


You had 2 spell levels left.
You knew the following spells:

 Your Spells              Type           Power      Damage    Failure   Level
X - Necrotise             Necr           84%        1d8       2%          1

Your spell library contained the following spells:

 Spells                   Type           Power      Damage    Failure   Level
 Vampiric Draining        Necr           21%        2d7       7%          3
 Animate Dead             Necr           21%        N/A       22%         4
 Curse of Agony           Necr           21%        N/A       54%         5

Inventory:

Armour
 a - a +0 robe (worn)
Jewellery
 I - a +6 ring of intelligence (left hand)
Scrolls
 d - a scroll of teleportation {unknown}
Potions
 b - a potion of magic
 c - a potion of berserk rage {unknown}

Dungeon Overview and Level Annotations

Branches:
Dungeon (1/15)

Altars:

..................
.........#.##....
##.#.........)....
#.#........#....#
#.#.#...........+
#...............#
##
#...............#
+.
#...ZK......#####
#.##....Z@.....#
#.##..............
#...%.##.###+#....
#.....+#(# ....
#.....##+###. ###
#............
#.........)..
####............
#...........##..


You could see a kobold (ally target), a friendly goblin skeleton and a friendly
hobgoblin skeleton.


Message History

The hobgoblin writhes in agony!
You kill the hobgoblin!
The dead are walking!
The kobold throws a stone.
The stone barely misses your hobgoblin skeleton.
The stone closely misses you.
Your Fighting skill increases to level 1!
Unknown command.
The kobold throws a stone.
The stone hits your hobgoblin skeleton.
Your goblin skeleton misses the kobold.
Your goblin skeleton misses the kobold.
Your hobgoblin skeleton hits the kobold but does no damage.
The kobold hits you with a +0 dagger.
* * * LOW HITPOINT WARNING * * *
You barely miss the kobold.
Your goblin skeleton hits the kobold but does no damage.
Your hobgoblin skeleton hits the kobold.
The kobold hits you with a +0 dagger.
* * * LOW HITPOINT WARNING * * *
You hit the kobold but do no damage.
The kobold is moderately wounded.
The kobold barely misses you.
Your goblin skeleton misses the kobold.
Your hobgoblin skeleton misses the kobold.
You hit the kobold but do no damage. Your punch misses the kobold.
The kobold is moderately wounded.
The kobold hits you with a +0 dagger.
* * * LOW HITPOINT WARNING * * *
Your goblin skeleton hits the kobold.
Your hobgoblin skeleton hits the kobold but does no damage.
The kobold hits you with a +0 dagger.
You die...

Skill      XL: |  1 |
---------------+----+-----
Fighting       | 1 |  1.0
Dodging        | |  1.3
Stealth        | |  1.4
Spellcasting   | |  1.7
Necromancy     | |  4.6

Action                     || total
---------------------------++-------
  Melee: Unarmed           ||     7
   Cast: Necrotise         ||     9
 Armour: Robe              ||     9
  Dodge: Dodged            ||     9

Levels and vault maps discovered:
D:1:      kennysheep_arrival_forest, layout_basic, serial_shops,
          nicolae_shop_hallway_plus

Notes
Turn   | Place    | Note
-------+----------+-------------------------------------------
     0 | D:1      | cforsyth the Mountain Dwarf Necromancer began the quest for
                  | the Orb.
     0 | D:1      | Reached XP level 1. HP: 14/14 MP: 3/3
   164 | D:1      | Reached skill level 1 in Fighting
   169 | D:1      | HP: 1/16 [kobold/+0 dagger (2)]
   170 | D:1      | Slain by a kobold

Vanquished Creatures
  A goblin (D:1)
  A hobgoblin (D:1)
  2 kobolds (D:1)
  A bat (D:1)
  A rat (D:1)
6 creatures vanquished.

Table legend: (Time is in decaauts)
 A = Elapsed time spent in this place.
 B = Non-inter-level travel time spent in this place.
 C = Inter-level travel time spent in this place.
 D = Time resting spent in this place.
 E = Time spent auto-exploring this place.
 F = Levels seen in this place.
 G = Mean time per level.
                   A        B        C        D        E       F      G
               +--------+--------+--------+--------+--------+-----+--------+
         Total |    169 |    169 |      0 |      0 |    118 |   1 |  169.0 |
       Dungeon |    169 |    169 |      0 |      0 |    118 |   1 |  169.0 |
               +--------+--------+--------+--------+--------+-----+--------+

Top non-repeatable levels by time:
     D:1: 169 daAuts

Table legend:
 A = Non-vault XP
 B = Vault XP
 C = Vault XP percentage of total XP
 D = Non-vault monster count
 E = Vault monster count
 F = Vault count percentage of total count
                 A         B        C        D         E       F
            +---------+---------+-------+---------+---------+-------
      Total |       9 |       0 |   0.0 |       6 |       0 |   0.0
            +---------+---------+-------+---------+---------+-------
        D:1 |       9 |       0 |   0.0 |       6 |       0 |   0.0
            +---------+---------+-------+---------+---------+-------
